 Dungeon Crawl Stone Soup version 0.24-a0-446-g87df7205b4 (webtiles) character file.

Game seed: 4224219380765689957

121002 vurker the Severer (level 17, -8/137 HPs)
             Began as a Formicid Fighter on June 23, 2019.
             Was the Champion of Makhleb.
             Mangled by a wolf spider (16 damage)
             ... on level 2 of the Spider Nest.
             The game lasted 01:06:03 (29209 turns).

vurker the Severer (Formicid Fighter)              Turns: 29209, Time: 01:06:04

Health: -8/137     AC: 10    Str: 28    XL:     17   Next: 38%
Magic:  0/27       EV: 13    Int:  8    God:    Makhleb [******]
Gold:   1537       SH: 22    Dex: 10    Spells: 16/16 levels left

rFire    + . .     SeeInvis +   a - +4 battleaxe
rCold    . . .     Gourm    .   f - +1 large shield
rNeg     . . .     Faith    .   n - +3 plate armour {MR+}
rPois    +         Spirit   +   (helmet unavailable)
rElec    .         Reflect  .   i - scarf {cloud immunity}
rCorr    .         Harm     .   F - +2 pair of gloves
MR       +++..                  g - +1 pair of boots {run}
Stlth    ..........             E - amulet "Juphameu" {Spirit rF+}
HPRegen  0.32/turn              B - +3 ring of evasion
MPRegen  0.20/turn              l - ring of protection from magic

@: marked, corroded, quick
A: permanent stasis, dig shafts and tunnels, four strong arms, antennae 3, slimy
green scales 1, deformed body, poison resistance, subdued magic 1, sturdy frame
1
a: Dig, Shaft Self, Minor Destruction, Lesser Servant of Makhleb, Major
Destruction, Greater Servant of Makhleb, Renounce Religion


You were on level 2 of the Spider Nest.
You worshipped Makhleb.
Makhleb was exalted by your worship.
You were hungry.

You visited 4 branches of the dungeon, and saw 25 of its levels.

You collected 2532 gold pieces.
You spent 995 gold pieces at shops.

Inventory:

Hand Weapons
 a - a +4 battleaxe (weapon)
   (You took it off a wight on level 12 of the Dungeon)
 b - a +2 war axe of flaming
   (You took it off a meliai on level 14 of the Dungeon)
Missiles
 y - a throwing net (quivered) {!f}
Armour
 f - a +1 large shield (worn)
   (You found it on level 1 of the Dungeon)
 g - a +1 pair of boots of running (worn)
   (You bought it in a shop on level 2 of the Orcish Mines)
 i - a scarf of cloud immunity (worn)
   (You found it on level 3 of the Lair of Beasts)
 n - a +3 plate armour of magic resistance (worn)
   (You took it off an orc warrior on level 13 of the Dungeon)
 F - a +2 pair of gloves (worn)
   (You found it on level 12 of the Dungeon)
Jewellery
 l - a ring of protection from magic (right hand)
   (You found it on level 6 of the Lair of Beasts)
 B - a +3 ring of evasion (left hand)
   (You found it on level 11 of the Dungeon)
 E - the amulet "Juphameu" (around neck) {Spirit rF+}
   (You found it on level 1 of the Lair of Beasts)

   [amulet of guardian spirit]

   It causes incoming damage to be split between your health and magic.
   It protects you from fire.
 G - the ring of Qoof {*Drain AC+6 Str+6 Int+4}
   (You found it on level 6 of the Lair of Beasts)

   [ring of protection]

   It affects your AC (+6).
   It affects your strength (+6).
   It affects your intelligence (+4).
   It causes draining when unequipped.
 L - a +5 amulet of reflection
   (You found it on level 1 of the Dungeon)
Wands
 c - a wand of disintegration (15)
   (You found it on level 13 of the Dungeon)
 d - a wand of iceblast (12)
   (You took it off a kobold on level 9 of the Dungeon)
 q - a wand of scattershot (4)
   (You took it off an orc on level 7 of the Dungeon)
 t - a wand of flame (41)
   (You found it on level 8 of the Dungeon)
 u - a wand of paralysis (13)
   (You found it on level 13 of the Dungeon)
 v - a wand of digging (21)
   (You found it on level 4 of the Lair of Beasts)
 x - a wand of acid (5)
   (You found it on level 11 of the Dungeon)
 z - a wand of polymorph (8)
   (You found it on level 2 of the Lair of Beasts)
Scrolls
 j - 14 scrolls of remove curse {@r2}
 m - 4 scrolls of enchant weapon
 o - 4 scrolls of fog
 s - 3 scrolls of magic mapping
 w - a scroll of fear
 A - 3 scrolls of summoning
 C - 2 scrolls of enchant armour
 H - a scroll of holy word
 I - 5 scrolls of identify {@r1}
Potions
 h - a potion of resistance
 k - a potion of agility
 p - a potion of lignification {!q}
 r - 2 potions of curing {@q1}
 D - 2 potions of cancellation
 K - a potion of might
Comestibles
 e - 45 rations {!d}


   Skills:
 + Level 13.4 Fighting
 * Level 16.5 Axes
 + Level 13.4 Armour
 + Level 3.1 Dodging
 - Level 15.0 Shields
 + Level 13.6 Invocations


You had 16 spell levels left.
You didn't know any spells.
Your spell library contained the following spells:

 Spells                   Type           Power        Failure   Level  Hunger
 Beastly Appendage        Tmut           #.....       86%         1    ##.....
 Confusing Touch          Hex            #.....       86%         1    ##.....
 Corona                   Hex            #......      86%         1    ##.....
 Flame Tongue             Conj/Fire      #....        86%         1    ##.....
 Magic Dart               Conj           #...         86%         1    ##.....
 Sandblast                Erth           #.....       86%         1    ##.....
 Shock                    Conj/Air       #...         86%         1    ##.....
 Summon Small Mammal      Summ           #...         86%         1    ##.....
 Call Imp                 Summ           #.......     95%         2    ###....
 Passwall                 Tmut/Erth      #.......     95%         2    ###....
 Slow                     Hex            #.......     95%         2    ###....
 Sticks to Snakes         Tmut           #.......     95%         2    ###....
 Swiftness                Chrm/Air       #.......     95%         2    ###....
 Throw Flame              Conj/Fire      #.....       95%         2    ###....
 Call Canine Familiar     Summ           #.......     99%         3    ####...
 Confuse                  Hex            #.......     99%         3    ####...
 Conjure Flame            Conj/Fire      #.......     99%         3    ####...
 Gell's Gravitas          Tloc           #.........   99%         3    ####...
 Inner Flame              Hex/Fire       #.......     99%         3    ####...
 Mephitic Cloud           Conj/Pois/Air  #.......     99%         3    ####...
 Portal Projectile        Hex/Tloc       #.....       99%         3    ####...
 Spider Form              Tmut/Pois      #.........   99%         3    ####...
 Static Discharge         Conj/Air       #.......     99%         3    ####...
 Stone Arrow              Conj/Erth      #.....       99%         3    ####...
 Summon Guardian Golem    Hex/Summ       #.......     99%         3    ####...
 Airstrike                Air            #.........   100%        4    #####..
 Cause Fear               Hex            #.........   100%        4    #####..
 Ice Form                 Ice/Tmut       #.......     100%        4    #####..
 Leda's Liquefaction      Hex/Erth       #.........   100%        4    #####..
 Petrify                  Tmut/Erth      #.......     100%        4    #####..
 Sticky Flame             Conj/Fire      #.......     100%        4    #####..
 Summon Ice Beast         Ice/Summ       #.......     100%        4    #####..
 Summon Lightning Spire   Summ/Air       #.......     100%        4    #####..
 Blade Hands              Tmut           #.........   100%        5    ######.
 Fireball                 Conj/Fire      #.........   100%        5    ######.
 Lee's Rapid Deconstruct  Erth           #.........   100%        5    ######.
 Lightning Bolt           Conj/Air       #.........   100%        5    ######.
 Metabolic Englaciation   Hex/Ice        #.........   100%        5    ######.
 Yara's Violent Unravell  Hex/Tmut       #.........   100%        5    ######.
 Blink                    Tloc           Unusable     N/A         2    N/A

Dungeon Overview and Level Annotations

Branches:
Dungeon (15/15)            Temple (0/1) D:5            Lair (6/6) D:9
 Shoals (0/4) Lair:2       Spider (2/4) Lair:3        Slime (0/5) Lair:6
    Orc (2/2) D:9             Elf (0/3) Orc:2        Vaults (0/5) D:13
 Depths (0/5) D:15

Altars:
Ashenzari
Dithmenos
Gozag
Kikubaaqudgha
Makhleb
Okawaru
Ru
Yredelemnul
Beogh
Jiyva

Shops:
D:8 !   D:10 [   Orc:1 *   Orc:2 ([:[

Annotations:
D:15 exclusion: Roxanne, Roxanne
Lair:1 exclusion: oklob plant
Lair:6 1 runed translucent door


Innate Abilities, Weirdness & Mutations

You cannot be hasted, slowed, berserked, paralysed or teleported.
You can dig through walls and to a lower floor.
Your four strong arms can wield two-handed weapons with a shield.
You have a pair of large antennae on your head. (SInv)
You are partially covered in slimy green scales. (AC +2)
Armour fits poorly on your strangely shaped body.
Your system is resistant to poisons. (rPois)
Your spells are a little easier to cast, but a little less powerful.
Your movements are slightly less encumbered by armour. (ER -2)


Message History

* * * LOW HITPOINT WARNING * * *
The spark wasp shocks you!
* * * LOW HITPOINT WARNING * * *
The wolf spider hits you.
* * * LOW HITPOINT WARNING * * *
You block the wolf spider's attack. The wolf spider closely misses you.
The wolf spider bites you.
* * * LOW HITPOINT WARNING * * *
You feel better. The spark wasp closely misses you.
The wolf spider closely misses you. You block the wolf spider's attack.
The wolf spider hits you!
* * * LOW HITPOINT WARNING * * *
The wolf spider bites you!
* * * LOW HITPOINT WARNING * * *
You are lethally poisoned!
The wolf spider poisons you!
A redback comes into view.
You block the spark wasp's attack.
You feel better. You block the wolf spider's attack. x2
The spark wasp barely misses you.
Your balrug hits the wolf spider with a +2 demon whip of flaming!
Your balrug burns the wolf spider.
The wolf spider dies!
Makhleb accepts your kill.
A redback comes into view.
You block the wolf spider's attack. The wolf spider bites you.
* * * LOW HITPOINT WARNING * * *
You are lethally poisoned!
The wolf spider poisons you!
You feel better. You block the spark wasp's attack.
Your balrug gestures at the spark wasp.
The sticky flame hits the redback.
The redback is covered in liquid flames!
You block the wolf spider's attack. The wolf spider misses you.
The redback misses you. The spark wasp stings you. The spark wasp shocks you!
* * * LOW HITPOINT WARNING * * *
Okay, then.
The redback burns!
You block the wolf spider's attack.
The wolf spider bites you but does no damage.
Your balrug gestures at the spark wasp.
The bolt of fire hits the redback!!!
The redback dies!
Makhleb accepts your kill.
The bolt of fire hits the spark wasp!!
The spark wasp dies!
Makhleb accepts your kill.
The bolt of fire hits the demonic crawler!
The demonic crawler resists.
You block the redback's attack.
A demon appears!
The wolf spider hits you!!
You die...

##....######..†..##
#...###..#.##{{#.....
##..#........{{#....#
#.†.#..##..{s###......
##..# #..#.s..#..#...
#...# #.. #.#s.#..# #.
##..# #. ###as†..#
#### # #ss†# #.@2# {
#..2# { { ##..# ...#
##.## ###


You could see an entropy weaver, a demonic crawler, a wolf spider, 4 redbacks, a
friendly cacodemon and a friendly balrug.

Vanquished Creatures
  Gastronok (Lair:3)
  Agnes (D:15)
  Kirke (D:13)
  An entropy weaver (Spider:1)
  Erolcha (D:13)
  A vault guard (D:13)
  3 hydras
  3 centaur warriors
  A two-headed ogre (shapeshifter) (D:15)
  A death knight (D:14)
  3 two-headed ogres
  2 tengu warriors (D:15)
  2 orc high priests (Orc:2)
  A sea snake (Lair:6)
  A skeletal warrior (D:15)
  An unseen horror (shapeshifter) (D:13)
  3 unseen horrors
  A necromancer (D:15)
  4 orb spiders
  6 orc knights
  10 wolf spiders
  A stone giant zombie (D:15)
  An orb spider (shapeshifter) (D:15)
  7 ugly things
  3 orc sorcerers
  A moth of wrath (Spider:1)
  4 centaur zombies
  6 manticores
  A merfolk siren (Lair:2)
  Maurice (D:8)
  2 cyclopes
  10 black mambas
  Joseph (D:15)
  12 elephants
  A torpor snail (Lair:3)
  16 spiny frogs
  3 demonic crawlers
  A yaktaur zombie (D:15)
  9 komodo dragons
  5 rime drakes (Lair:6)
  2 freezing wraiths
  6 jumping spiders
  9 meliai
  A troll (shapeshifter) (D:15)
  8 trolls
  5 polar bears
  An ettin zombie (D:15)
  2 hornets
  11 slime creatures (D:14)
  Prince Ribbit (D:8)
  3 blink frogs (Lair:2)
  18 dream sheep
  A meliai zombie (D:15)
  8 hippogriffs
  28 redbacks
  13 tarantellas
  A spriggan (D:7)
  3 basilisks
  6 wraiths
  2 wyverns
  10 humans (D:13)
  A steam dragon (D:11)
  54 yaks
  Eustachio (D:8)
  3 hungry ghosts
  A two-headed ogre zombie (D:9)
  4 swamp worms (Lair:1)
  4 wargs (Orc:1)
  2 acid dragons
  13 water moccasins
  16 porcupines
  47 orc warriors
  A hornet zombie (D:7)
  6 sky beasts
  4 ice beasts
  3 phantoms
  10 ogres
  3 black bears (D:9)
  3 eyes of draining
  2 necrophages
  3 wolves (Lair:3)
  23 centaurs
  12 crocodiles
  Blork the orc (D:7)
  4 big kobolds
  A wyvern zombie (D:13)
  2 elf zombies (D:9)
  19 bullfrogs
  2 gnoll sergeants (D:8)
  An elf skeleton (D:9)
  A wyvern skeleton (D:10)
  A scorpion (D:9)
  A tengu zombie (D:15)
  16 killer bees
  2 troll zombies (D:9)
  An electric eel (Lair:4)
  12 wights
  5 crimson imps
  A bullfrog zombie (D:7)
  3 centaur skeletons
  A human skeleton (D:9)
  15 orc priests
  A wyvern simulacrum (D:14)
  6 hounds
  5 human zombies (D:9)
  6 jellies
  27 orc wizards
  2 bullfrog skeletons
  3 iguanas
  8 worker ants
  A killer bee zombie (D:7)
  5 ogre zombies (D:9)
  A hound zombie (D:5)
  A mummy (D:9)
  A worker ant zombie (D:10)
  12 gnolls
  A howler monkey skeleton (D:4)
  27 adders
  8 shadow imps
  An adder zombie (D:9)
  An adder skeleton (D:10)
  2 dart slugs (D:1)
  A worm (D:2)
  6 leopard geckos
  132 orcs
  5 bats
  8 giant cockroaches
  19 goblins
  9 hobgoblins
  10 jackals
  7 quokkas
  A ball python (D:3)
  8 frilled lizards
  A goblin skeleton (D:9)
  4 goblin zombies (D:9)
  2 hobgoblin skeletons (D:9)
  22 kobolds
  2 leopard gecko skeletons
  An orc skeleton (D:9)
  15 orc zombies (D:9)
  A quokka zombie (D:8)
  7 rats
  A spectral orc (D:9)
  4 fungi
  3 plants
965 creatures vanquished.

Vanquished Creatures (collateral kills)
  Saint Roka (Orc:2)
  Rupert (D:13)
  A spark wasp (Spider:2)
  Snorg (Orc:2)
  2 hydras
  3 catoblepae
  A merfolk avatar (Lair:6)
  An orc high priest (Orc:2)
  A vampire mage (D:15)
  The ghost of emperorscorpion the Cleaver, a novice DDBe of Trog (D:14)
  A skeletal warrior (D:15)
  An orc knight (Orc:2)
  4 wolf spiders (Spider:2)
  A spiny frog (Lair:6)
  A centaur skeleton (D:11)
  A torpor snail (Spider:2)
  A demonic crawler (Spider:2)
  A slime creature (D:14)
  2 redbacks (Spider:2)
  A tarantella (Spider:2)
  8 yaks
  A basilisk (Lair:6)
  A warg (Orc:2)
  12 orc warriors
  An ogre (Orc:2)
  4 centaurs (D:13)
  A crimson imp (D:14)
  2 orc priests (Orc:2)
  2 orc wizards (Orc:2)
  An adder (D:11)
  9 orcs
69 creatures vanquished.

Vanquished Creatures (others)
  A jumping spider (Spider:1)
  4 humans (D:13)
  2 centaurs
  An orc (D:7)
  A kobold (D:11)
  A hobgoblin skeleton (D:9)
  An orc zombie (D:9)
  2 bushes (Lair:4)
  63 fungi
  68 plants
  4 withered plants (D:15)
148 creatures vanquished.

Grand Total: 1182 creatures vanquished

Notes
Turn   | Place    | Note
-------+----------+-------------------------------------------
     0 | D:1      | vurker the Formicid Fighter began the quest for the Orb.
     0 | D:1      | Reached XP level 1. HP: 18/18 MP: 1/1
    28 | D:1      | Reached XP level 2. HP: 20/24 MP: 2/2
   524 | D:1      | Reached XP level 3. HP: 29/29 MP: 3/3
  1616 | D:2      | Reached XP level 4. HP: 37/37 MP: 4/4
  1661 | D:1      | Reached skill level 3 in Axes
  2276 | D:2      | Reached XP level 5. HP: 42/42 MP: 5/5
  2494 | D:3      | You fall into a shaft and drop 2 floors!
  2494 | D:5      | Entered Level 5 of the Dungeon
  2659 | D:4      | Noticed a phantom
  2690 | D:4      | Killed a phantom
  2690 | D:4      | Reached skill level 4 in Axes
  2690 | D:4      | Reached XP level 6. HP: 39/49 MP: 6/6
  2762 | D:4      | Noticed an ogre
  2782 | D:4      | Killed an ogre
  2782 | D:4      | Reached skill level 5 in Shields
  2912 | D:4      | Noticed an ogre
  3146 | D:3      | Reached XP level 7. HP: 55/55 MP: 7/7
  3164 | D:3      | Found a burning altar of Makhleb.
  3247 | D:3      | Became a worshipper of Makhleb the Destroyer
  3793 | D:4      | Found a shadowy altar of Dithmenos.
  3855 | D:4      | Reached skill level 5 in Axes
  3855 | D:4      | Reached skill level 1 in Invocations
  4421 | D:5      | Found a staircase to the Ecumenical Temple.
  4682 | D:6      | Reached skill level 5 in Fighting
  4682 | D:6      | Reached skill level 5 in Armour
  4783 | D:6      | Reached XP level 8. HP: 47/62 MP: 9/9
  4794 | D:6      | Reached * piety under Makhleb
  5078 | D:6      | Reached skill level 6 in Axes
  5450 | D:6      | Reached XP level 9. HP: 69/69 MP: 11/11
  5753 | D:7      | Reached skill level 7 in Axes
  5861 | D:7      | Reached ** piety under Makhleb
  5953 | D:7      | Found an opulent altar of Gozag.
  6008 | D:7      | Found an opulent altar of Gozag.
  6976 | D:8      | Found Carrumoe's Distillery.
  6990 | D:8      | Reached skill level 8 in Axes
  6990 | D:8      | Reached skill level 5 in Invocations
  6990 | D:8      | Reached XP level 10. HP: 77/77 MP: 13/13
  7012 | D:8      | Bought a potion of mutation for 112 gold pieces
  7012 | D:8      | Bought a potion of mutation for 112 gold pieces
  7012 | D:8      | Gained mutation: Your flesh is cold resistant. (rC+)
                  | [potion of mutation]
  7012 | D:8      | Gained mutation: Scrolls take you a little longer to read.
                  | [potion of mutation]
  7012 | D:8      | Gained mutation: Your system is resistant to poisons.
                  | (rPois) [potion of mutation]
  7013 | D:8      | Lost mutation: Your flesh is cold resistant. (rC+) [potion
                  | of mutation]
  7013 | D:8      | Lost mutation: Your system is resistant to poisons. (rPois)
                  | [potion of mutation]
  7013 | D:8      | Lost mutation: Scrolls take you a little longer to read.
                  | [potion of mutation]
  7013 | D:8      | Gained mutation: Your movements are slightly less
                  | encumbered by armour. (ER -2) [potion of mutation]
  7013 | D:8      | Gained mutation: You have large cloven feet. [potion of
                  | mutation]
  7013 | D:8      | Gained mutation: You are partially covered in slimy green
                  | scales. (AC +2) [potion of mutation]
  7054 | D:8      | Noticed Blork the orc
  7119 | D:7      | Killed Blork the orc
  7152 | D:8      | Reached *** piety under Makhleb
  7631 | D:8      | Noticed Prince Ribbit
  7665 | D:8      | Killed Prince Ribbit
  8078 | D:8      | Found a sacrificial altar of Ru.
  8154 | D:8      | Noticed Maurice
  8175 | D:8      | Killed Maurice
  8175 | D:8      | Reached skill level 9 in Axes
  8235 | D:8      | Noticed Eustachio
  8250 | D:8      | Killed Eustachio
  8587 | D:9      | Found a staircase to the Orcish Mines.
  8647 | D:9      | Reached **** piety under Makhleb
  8660 | D:9      | Reached XP level 11. HP: 72/86 MP: 15/15
  8964 | D:9      | Reached skill level 10 in Axes
  8972 | D:9      | Reached ***** piety under Makhleb
  9129 | D:9      | Found a shattered altar of Ashenzari.
  9170 | D:9      | Found a staircase to the Lair.
  9271 | D:9      | Found a basalt altar of Yredelemnul.
  9417 | D:9      | Found an iron altar of Okawaru.
  9547 | D:9      | Found an ancient bone altar of Kikubaaqudgha.
  9752 | D:10     | Entered Level 10 of the Dungeon
  9796 | D:10     | Found a basalt altar of Yredelemnul.
 10046 | D:10     | Found Lualunt's Armour Boutique.
 10167 | D:11     | Reached ****** piety under Makhleb
 11046 | D:11     | Noticed a red ugly thing
 11053 | D:11     | Reached XP level 12. HP: 92/95 MP: 16/18
 11068 | D:11     | Reached skill level 11 in Axes
 11229 | D:11     | Reached skill level 10 in Shields
 11633 | Lair:1   | Entered Level 1 of the Lair of Beasts
 12264 | Lair:1   | Got a twitching jade amulet
 12573 | Lair:2   | Identified the amulet "Juphameu" {Spirit rF+} (You found it
                  | on level 1 of the Lair of Beasts)
 13000 | Lair:2   | Got a polished dagger
 13218 | Lair:2   | Found a staircase to the Shoals.
 13534 | Lair:2   | Reached skill level 12 in Axes
 13698 | Lair:2   | Reached skill level 10 in Fighting
 13699 | Lair:2   | Reached XP level 13. HP: 60/103 MP: 12/20
 14087 | Lair:3   | Reached skill level 10 in Armour
 14173 | Lair:3   | Got a transparent war axe
 14174 | Lair:3   | Identified the +1 war axe "Jiyfad" {drain, MR+} (You found
                  | it on level 3 of the Lair of Beasts)
 14426 | Lair:3   | Found a hole to the Spider Nest.
 14678 | Lair:3   | Noticed Gastronok
 14689 | Lair:3   | Killed Gastronok
 14689 | Lair:3   | Reached skill level 10 in Invocations
 14932 | Lair:4   | Got a pitted war axe
 14933 | Lair:4   | Identified the +5 war axe "Guluhoheku" {freeze, Dex+10}
                  | (You found it on level 4 of the Lair of Beasts)
 15460 | Lair:4   | Reached skill level 13 in Axes
 16443 | Lair:5   | Noticed a four-headed hydra
 16450 | Lair:5   | Killed a four-headed hydra
 16450 | Lair:5   | Reached XP level 14. HP: 105/111 MP: 21/21
 17364 | Lair:6   | Entered Level 6 of the Lair of Beasts
 17805 | Lair:5   | Reached skill level 14 in Axes
 18560 | Lair:6   | Found a runed translucent door.
 18561 | Lair:6   | Found a viscous altar of Jiyva.
 18563 | Lair:6   | Noticed an azure jelly
 18564 | Lair:6   | Found a staircase to the Slime Pits.
 18564 | Lair:6   | Noticed an azure jelly
 19051 | Lair:6   | HP: 4/114 [drowned by a drowned soul[a merfolk avatar]
                  | (11)]
 19055 | Lair:6   | Reached XP level 15. HP: 31/120 MP: 1/23
 19451 | Lair:6   | Got a smoking tin ring
 19468 | Lair:6   | Identified the ring of Qoof {*Drain AC+6 Str+6 Int+4} (You
                  | found it on level 6 of the Lair of Beasts)
 20501 | D:13     | Noticed Rupert
 20515 | D:13     | Killed Rupert
 20938 | D:13     | Noticed Erolcha
 20944 | D:13     | Killed Erolcha
 21329 | D:13     | Noticed Kirke
 21347 | D:13     | Killed Kirke
 21347 | D:13     | Reached skill level 15 in Axes
 21406 | D:13     | Found a gate to the Vaults.
 21780 | D:14     | Noticed emperorscorpion's ghost (novice DDBe)
 21781 | D:14     | Found a runed translucent gate.
 21939 | D:14     | Found a runed translucent gate.
 22324 | D:14     | Found a basalt altar of Yredelemnul.
 22423 | D:14     | Found a runed translucent gate.
 22641 | D:14     | Reached XP level 16. HP: 127/129 MP: 25/25
 22855 | D:14     | Killed emperorscorpion's ghost
 22942 | D:15     | Entered Level 15 of the Dungeon
 23060 | D:15     | Noticed Agnes
 23090 | D:15     | Killed Agnes
 23317 | D:15     | Found a staircase to the Depths.
 23792 | D:15     | Noticed Roxanne
 23936 | D:15     | Noticed Joseph
 23953 | D:15     | Killed Joseph
 24563 | Orc:1    | Entered Level 1 of the Orcish Mines
 24700 | Orc:2    | Entered Level 2 of the Orcish Mines
 24951 | Orc:2    | Gained mutation: You are frail. (-10% HP) [a neqoxec]
 24952 | Orc:2    | Gained mutation: Armour fits poorly on your strangely
                  | shaped body. [a neqoxec]
 25364 | Orc:2    | Noticed Snorg
 25375 | Orc:2    | Killed Snorg
 25398 | Orc:2    | Reached skill level 15 in Shields
 25651 | Orc:2    | Found a roughly hewn altar of Beogh.
 25677 | Orc:2    | Found a staircase to the Elven Halls.
 25735 | Orc:2    | Found a roughly hewn altar of Beogh.
 25736 | Orc:2    | Found Juatwas's Antique Armour Shop.
 25850 | Orc:2    | Noticed Saint Roka
 25876 | Orc:2    | Killed Saint Roka
 25876 | Orc:2    | Reached skill level 16 in Axes
 26174 | Orc:2    | Found Fyppy's Antique Armour Shoppe.
 26189 | Orc:2    | Found Eleviq's Antique Weapon Emporium.
 26190 | Orc:2    | Found a roughly hewn altar of Beogh.
 26255 | Orc:2    | Found a roughly hewn altar of Beogh.
 26260 | Orc:2    | Reached skill level 1 in Dodging
 26264 | Orc:2    | Found Eryluyz's Book Emporium.
 26413 | Orc:1    | Found Buunun's Assorted Antiques.
 26429 | Orc:1    | Bought a scroll labeled PURRUN ICLA for 36 gold pieces
 27093 | Orc:2    | Bought a glowing cloak for 225 gold pieces
 27164 | Orc:2    | Bought a pair of runed boots for 255 gold pieces
 27174 | Orc:2    | Identified a +1 pair of boots of running (You bought it in
                  | a shop on level 2 of the Orcish Mines)
 27175 | Orc:2    | Bought a pair of glowing gloves for 255 gold pieces
 27500 | D:11     | Lost mutation: You have large cloven feet. [potion of
                  | mutation]
 27500 | D:11     | Lost mutation: You are frail. (-10% HP) [potion of
                  | mutation]
 27500 | D:11     | Gained mutation: Scrolls take you a little longer to read.
                  | [potion of mutation]
 27500 | D:11     | Gained mutation: You are partially covered in molten
                  | scales. (AC +2) [potion of mutation]
 27742 | Lair:6   | Lost mutation: Armour fits poorly on your strangely shaped
                  | body. [potion of mutation]
 27742 | Lair:6   | Lost mutation: Scrolls take you a little longer to read.
                  | [potion of mutation]
 27742 | Lair:6   | Lost mutation: You are partially covered in molten scales.
                  | (AC +2) [potion of mutation]
 27742 | Lair:6   | Gained mutation: Armour fits poorly on your strangely
                  | shaped body. [potion of mutation]
 27742 | Lair:6   | Gained mutation: Your spells are a little easier to cast,
                  | but a little less powerful. [potion of mutation]
 27742 | Lair:6   | Gained mutation: Your system is resistant to poisons.
                  | (rPois) [potion of mutation]
 27838 | Spider:1 | Entered Level 1 of the Spider Nest
 27902 | Spider:1 | Reached XP level 17. HP: 76/136 MP: 12/26
 28203 | Spider:1 | Got an encrusted dagger
 29209 | Spider:2 | Mangled by a wolf spider

Levels and vault maps discovered:
D:1:      ncdulo_wetmaze, layout_basic
D:2:      layout_basic, kennysheep_doodads, dk_noncrumbling_3, st_stairs_7,
          chequers_serial_rivers_room_a
D:3:      layout_basic, makhleb_heckhound_becter
D:4:      layout_rooms, grunt_dithmenos_smoke
D:5:      layout_cave_pools, minmay_temple_entry_trees, first_ration
D:6:      layout_loops_ring
D:7:      layout_loops_cross, basic_altar, the_bakery, grunt_gozag_statues
D:8:      layout_gridville, lemuel_crystal_altar, serial_shops, shop,
          sword_in_stone, uniq_maurice, uniq_prince_ribbit1
D:9:      layout_roguey [special_room_orc], yredelemnul_forgotten_temple_becter,
          lemuel_mausoleum_altar_kikubaaqudgha, kennysheep_mini_moat,
          kennysheep_little_box, due_lair_maze_entry_diamond, zombieorc2_lemuel
D:10:     layout_basic, serial_shops, kennysheep_mini, yredelemnul_altar_generic
D:11:     minmay_bubble_buster, layout_basic
D:12:     layout_rooms
D:13:     layout_roguey, ximxim_vaults_locker_room, uniq_kirke, uniq_rupert,
          uniq_erolcha
D:14:     layout_stronghold, basic_altar, ebering_ghost_rock_garden,
          minmay_stone_trees_small
D:15:     gammafunk_depths_entry_grave, layout_cave_pods, minivault_26,
          minmay_sticks_and_stones, uniq_agnes, uniq_roxanne
Lair:1:   layout_chaotic_city, cheibrodos_lair_caveside_slide, worms_lemuel,
          lemuel_fruit_fields, minmay_lair_oklob_chamber
Lair:2:   layout_cave_pods, minmay_shoals_entry_lonely_mermaid
Lair:3:   layout_regular_city, spider_nest_entry_rubble, lemuel_fruit_tree,
          uniq_gastronok
Lair:4:   minmay_lair_venomous_thicket, layout_cave_pods,
          nicolae_quartered_pool_super
Lair:5:   layout_long_grid
Lair:6:   gammafunk_lair_ancient_temple, layout_long_grid, slime_altar_2,
          grunt_megastairs_2
Spider:1: layout_spider_delve
Spider:2: layout_spider_delve
Orc:1:    cheibrodos_orc_arena, layout_diamond_mine, serial_shops, shop
Orc:2:    grunt_orc_community_town_hall, layout_diamond_mine,
          grunt_orc_community_big_house_2, grunt_orc_community_big_house_1,
          grunt_orc_community_house_3, grunt_orc_community_house_1,
          grunt_orc_community_house_3, grunt_orc_community_house_2,
          grunt_orc_community_house_2, grunt_orc_community_house_2, uniq_snorg

Skill      XL: |  1  2  3  4  5  6  7  8  9 10 11 12 13 14 15 16 17 |
---------------+----------------------------------------------------+-----
Shields        | 4 5 6 7 8 9 10 11 12 14 15 | 15.0
Axes           | 3 4 5 6 8 9 10 12 13 14 15 16 | 16.5
Armour         | 4 5 6 7 9 10 11 12 13 | 13.4
Fighting       | 4 5 6 7 9 10 11 12 13 | 13.4
Invocations    | 1 3 5 6 8 9 10 11 12 13 | 13.6
Dodging        | 1 3 |  3.1

Action                   |  1- 3 |  4- 6 |  7- 9 | 10-12 | 13-15 | 16-18 || total
-------------------------+-------+-------+-------+-------+-------+-------++-------
Melee: War axe           |   116 |   178 |   132 |       |       |       ||   426
       Great sword       |       |    15 |   146 |       |       |       ||   161
       Battleaxe         |       |       |   225 |  1022 |  1117 |   744 ||  3108
       Dire flail        |       |       |       |       |    33 |       ||    33
Invok: Lesser Servant of |       |       |       |     2 |    12 |     6 ||    20
       Major Destruction |       |       |       |       |     2 |     2 ||     4
       Greater Servant o |       |       |       |       |       |     9 ||     9
 Abil: Dig               |       |       |       |     3 |       |       ||     3
Evoke: Wand              |       |       |       |       |     3 |     1 ||     4
  Use: Scroll            |       |       |    17 |     6 |     4 |     1 ||    28
       Potion            |       |       |     1 |     4 |     4 |    11 ||    20
 Stab: Distracted        |       |       |       |       |     1 |     4 ||     5
  Eat: Ration            |     1 |       |     1 |     8 |     2 |     2 ||    14
       Chunk             |       |     4 |    11 |    20 |    24 |    14 ||    73
Armor: Scale mail        |    14 |       |       |       |       |       ||    14
       Plate armour      |    49 |    74 |   218 |   399 |   445 |   265 ||  1450
Dodge: Dodged            |    10 |     8 |    46 |   161 |   403 |   260 ||   888
Block: Shield            |    20 |       |       |       |       |       ||    20
       Large shield      |   114 |   213 |   661 |  1341 |  1366 |   907 ||  4602
       Reflection        |       |     1 |     7 |    32 |       |       ||    40
       Rpst.: Great sword |       |     2 |     6 |       |       |       ||     8

Table legend:
 A = Non-vault XP
 B = Vault XP
 C = Vault XP percentage of total XP
 D = Non-vault monster count
 E = Vault monster count
 F = Vault count percentage of total count
                 A         B        C        D         E       F
            +---------+---------+-------+---------+---------+-------
      Total |  123838 |   49023 |  28.4 |     751 |     282 |  27.3
            +---------+---------+-------+---------+---------+-------
        D:1 |      62 |       0 |   0.0 |      26 |       0 |   0.0
        D:2 |      97 |       1 |   1.0 |      29 |       1 |   3.3
        D:3 |      69 |      40 |  36.7 |      26 |       1 |   3.7
        D:4 |     556 |       0 |   0.0 |      16 |       0 |   0.0
        D:5 |      33 |       0 |   0.0 |       2 |       0 |   0.0
        D:6 |    1233 |       0 |   0.0 |      29 |       0 |   0.0
        D:7 |    1116 |     316 |  22.1 |      36 |       2 |   5.3
        D:8 |    2022 |    1451 |  41.8 |      40 |       7 |  14.9
        D:9 |    1239 |    3638 |  74.6 |      33 |      84 |  71.8
       D:10 |    1123 |       0 |   0.0 |      21 |       0 |   0.0
       D:11 |    3175 |    1643 |  34.1 |      40 |      16 |  28.6
       D:12 |    6310 |       0 |   0.0 |      45 |       0 |   0.0
       D:13 |    9023 |    8494 |  48.5 |      43 |      14 |  24.6
       D:14 |   11348 |     680 |   5.7 |      46 |       1 |   2.1
       D:15 |   13151 |    5965 |  31.2 |      30 |      10 |  25.0
     Lair:1 |    1884 |     642 |  25.4 |       9 |       4 |  30.8
     Lair:2 |    6254 |     474 |   7.0 |      30 |       1 |   3.2
     Lair:3 |    5549 |    1914 |  25.6 |      24 |       2 |   7.7
     Lair:4 |    6712 |    2045 |  23.4 |      26 |      14 |  35.0
     Lair:5 |    8112 |     913 |  10.1 |      26 |       4 |  13.3
     Lair:6 |   10494 |   10500 |  50.0 |      38 |      28 |  42.4
   Spider:1 |   13944 |       0 |   0.0 |      41 |       0 |   0.0
   Spider:2 |   10800 |       0 |   0.0 |      34 |       0 |   0.0
      Orc:1 |    4781 |    2798 |  36.9 |      32 |      32 |  50.0
      Orc:2 |    4751 |    7509 |  61.2 |      29 |      61 |  67.8
            +---------+---------+-------+---------+---------+-------
